[Event "Late-Titled-Tuesday-Blitz-March-26-2024"]
[Site "Chess.com"]
[Date "2024.03.26"]
[Round "6"]
[White "secretsuperstar7"]
[Black "RianKapriaga"]
[Result "1-0"]
[WhiteElo "2508"]
[BlackElo "2345"]
[TimeControl "180+1"]
[EndTime "15:07:46 PDT"]
[Termination "secretsuperstar7 won by resignation"]

1. c4 Nf6 2. Nc3 c6 3. e4 d5 4.
e5 Ng8 5. cxd5 cxd5 6. d4 Nc6 7. Nf3 Bg4 8. Be2 e6 9. O-O Nge7 10. Bg5 Qb6 11. Na4 Qc7 12. Rc1 Nf5 13. a3 Rc8 14. b4 a6 15. h3 Bxf3 16. Bxf3 Nfxd4 17. Bh5 h6 18. Be3 Nf5 19. Bb6 Qd7 20. Bg4 g6 21.
Re1 Be7 22. Bc5 h5 23. Bxf5 gxf5 24. Nb6 Qd8 25. Nxc8 Qxc8 26. Bxe7 Kxe7 27. a4 Qb8 28. b5 axb5 29. axb5 Nxe5 30. Qd4 Nd7 31. Qxd5 Rc8 32. Qf3 h4 33. Rxc8 Qxc8 34. Qxf5 Qc3 35. Qg5+ Qf6 36.
Qxf6+ Nxf6 37. Rc1 Nd5 38. Rc4 Kd6 39. Rxh4 Kc5 40.
Rh7 Kxb5 41. Rxf7 Kc6 42. h4 b5 43. h5 b4 44. Rf3 b3 45. Rxb3 Kd6 46. h6 Ke7 47. h7 Nf4 48. h8=Q Ne2+ 49. Kf1 Nf4 50.
Rb7+ Kd6 51. Qb8+ Kd5 52. Qxf4 e5 53. Rb5+ Kc6 54. Qxe5 Kd7 55. Rb7+ Kc6 56. Qc7+ Kd5 57. Rb5+ Ke6 58. Qc6+ Ke7 59. Rb7+ 1-0

[Event "Late-Titled-Tuesday-Blitz-March-26-2024"]
[Site "Chess.com"]
[Date "2024.03.26"]
[Round "6"]
[White "GMKrikor"]
[Black "EsmeraldasAnderson03"]
[Result "1-0"]
[WhiteElo "2828"]
[BlackElo "2608"]
[TimeControl "180+1"]
[EndTime "15:07:47 PDT"]
[Termination "GMKrikor won by resignation"]

1. Nf3 d5 2. c4 dxc4 3. Na3 Nf6 4. Nxc4 e6 5. g3 Be7 6. Bg2 O-O 7. O-O c5 8. d4 Bd7 9. Nfe5 Bc6 10. Nxc6 Nxc6 11. dxc5 Bxc5 12. Bxc6 bxc6 13. Qc2 Qe7 14. b3 Bd4 15. Ba3 Bc5 16. Bb2 Nd5 17. Rac1 Nb4 18. Qb1 Rac8 19. a3 Nd5 20. Qc2 h5 21. e4 Nf6 22. b4 Bb6 23. Ne5 c5 24. b5 Ng4 25.
Nc6 Qg5 26. h4 Qh6 27. Ne7+ Kh8 28. Nxc8 Rxc8 29. Qe2 Qg6 30. Kg2 c4 31. a4 Rd8 32.
Rxc4 Ba5 33. Bc3 Bxc3 34. Rxc3 Ne5 35. Re3 Rd4 36. a5 Rb4 37. Rd1 Ng4 38. Red3 Rxe4 39. Rd8+ Kh7 40. Qc2 Ne5 41. R8d4 Rxd4 42. Qxg6+ Kxg6 43. Rxd4 Kf6 44. b6 axb6 45. axb6 Nc6 46. Rc4 Na5 47. Rc7 Nc4 48. Rxc4 1-0

[Event "Late-Titled-Tuesday-Blitz-March-26-2024"]
[Site "Chess.com"]
[Date "2024.03.26"]
[Round "6"]
[White "jstopa4"]
[Black "hellokostya"]
[Result "0-1"]
[WhiteElo "2730"]
[BlackElo "2600"]
[TimeControl "180+1"]
[EndTime "15:07:47 PDT"]
[Termination "hellokostya won by resignation"]

1. d4 Nf6 2. c4 g6 3. f3 Bg7 4. e4 d6 5. Ne2 O-O 6. Nbc3 c5 7. d5 e6 8. Ng3 exd5 9. cxd5 a6 10. a4 Nbd7 11. Be2 Qc7 12. O-O Rb8 13. Nh1 c4 14. Nf2 b5 15. axb5 axb5 16. Qc2 Nc5 17. Be3 Bd7 18. f4 Rfe8 19. Bf3 b4 20. Ncd1 Bb5 21. Re1 b3 22. Qc1 Ncxe4 23. Nxe4 Nxe4 24.
Ra7 Rb7 25. Rxb7 Qxb7 26. Bxe4 Rxe4 27. Nc3 Bxc3 28. Qxc3 Qxd5 29. Ra1 Bc6 30. Ra5 Qd1+ 31. Kf2 Qc2+ 32. Qxc2 bxc2 33. Ra1 d5 34. Bc5 Rxf4+ 35.
Ke3 Re4+ 36. Kd2 Kg7 37. Rf1 d4 38. Kxc2 Re2+ 39. Kc1 d3 40. Bd4+ Kf8 41. Rf2 Rxf2 42.
Bxf2 Bxg2 43. Kd2 Ke7 44. Kc3 Bd5 45. Be3 Ke6 46. Kd4 f6 47. h4 h5 48. Bd2 g5 49.
hxg5 fxg5 50. Bxg5 h4 51. Bxh4 d2 0-1

[Event "Late-Titled-Tuesday-Blitz-March-26-2024"]
[Site "Chess.com"]
[Date "2024.03.26"]
[Round "6"]
[White "DinaBelenkaya"]
[Black "stolencandy13"]
[Result "0-1"]
[WhiteElo "2498"]
[BlackElo "2664"]
[TimeControl "180+1"]
[EndTime "15:07:49 PDT"]
[Termination "stolencandy13 won by resignation"]

1. Nf3 d5 2. g3 Nf6 3. Bg2 Bf5 4. d3 e6 5. Nbd2 Nc6 6. O-O Qd7 7.
Qe1 O-O-O 8. c3 h5 9. h4 e5 10. Ng5 Ng4 11. e4 dxe4 12. dxe4 Be6 13. Nxe6 fxe6 14. Nc4 Qd3 15. Ne3 Bc5 16. Bh3 Kb8 17.
Kg2 Qxe4+ 18. Kg1 Qd3 19. Kh1 Rhf8 20. Nxg4 hxg4 21. Bxg4 Bxf2 22. Rxf2 Qxg3 23. Be3 Qxh4+ 24. Kg1 Qxg4+ 25. Rg2 Qf3 26. Qe2 Qxe2 27. Rxe2 Rf5 28. Kg2 b6 29. Rh1 Ne7 30. Rh7 Rg8 31. Bf2 Nd5 32.
Rd2 Kb7 33. Bg3 Nf6 34. Rh4 Rg5 35. Kf2 Rf8 36. Kg2 Rg4 37. Rxg4 Nxg4 38. Re2 Rf5 39. Kh3 Nf6 40. Bxe5 Kc6 41. Bg3 Kd7 42. Be1 Nd5 43. Kg4 Rf1 44. Kg5 Rg1+ 45. Kh4 g5+ 46.
Kh5 Nf4+ 47. Kh6 Nxe2 0-1

[Event "Late-Titled-Tuesday-Blitz-March-26-2024"]
[Site "Chess.com"]
[Date "2024.03.26"]
[Round "6"]
[White "teresin05"]
[Black "JacksterThePro"]
[Result "1-0"]
[WhiteElo "2244"]
[BlackElo "2445"]
[TimeControl "180+1"]
[EndTime "15:07:50 PDT"]
[Termination "teresin05 won by checkmate"]

1. e4 Nf6 2. e5 Nd5 3. c4 Nb6 4. Nc3 d6 5. exd6 exd6 6. d4 Be7 7.
Nf3 O-O 8. Be2 c6 9. O-O Bf5 10.
b3 Na6 11. Bb2 Nc7 12. h3 d5 13. c5 Nd7 14. Qd2 Re8 15. Rfe1 Bf6 16. Bf1 Be4 17. Nxe4 dxe4 18. Nh2 Nxc5 19. Ng4 Bg5 20. Qc3 N5e6 21. Rxe4 f5 22. Rxe6 Nxe6 23. Ne5 Bf6 24. Bc4 Qc7 25. Re1 Rad8 26. Nf3 Qd6 27. Qe3 Kf7 28. Ng5+ Bxg5 29. Qxg5 b5 30. Qxf5+ Kg8 31. Bxe6+ Kh8 32. Re3 Rf8 33.
Qg4 Qc7 34. Bf5 Rf6 35. Bd3 Rdf8 36. Qe4 g6 37. f3 R6f7 38. d5+ Kg8 39. dxc6 Qg3 40.
Bxb5 Rf4 41. Bc4+ R4f7 42. Bxf7+ Kxf7 43. Qe6# 1-0

[Event "Late-Titled-Tuesday-Blitz-March-26-2024"]
[Site "Chess.com"]
[Date "2024.03.26"]
[Round "6"]
[White "MoldyTofu"]
[Black "SuanFernandes"]
[Result "0-1"]
[WhiteElo "2049"]
[BlackElo "2297"]
[TimeControl "180+1"]
[EndTime "15:07:50 PDT"]
[Termination "SuanFernandes won by resignation"]

1. b3 d5 2. Bb2 Nf6 3. e3 c5 4. d4 Nc6 5. Nf3 cxd4 6. Nxd4 Bg4 7. Be2 Bxe2 8. Qxe2 e6 9. O-O Bd6 10. Qb5 O-O 11. Nd2 Qc7 12. N2f3 Ne4 13. Nxc6 bxc6 14.
Qd3 a5 15. c4 a4 16. Rac1 Qe7 17. cxd5 cxd5 18. Nd2 a3 19. Ba1 Nf6 20. Nf3 e5 21.
Qd2 Rfd8 22. Rfd1 Bb4 23. Qe2 Bd6 24. h3 h6 25. Qd2 Rac8 26. Rxc8 Rxc8 27. Rc1 Rxc1+ 28.
Qxc1 Ne4 29. Qd1 Qe6 30. Nd2 Ng5 31. Nf3 Ne4 32. Nd2 Nc5 33. Nb1 Nd7 34. Nc3 Nb6 35. Nb5 Bb4 36. Qc2 f6 37. Qc7 Kh7 38. Qa7 Qc6 39.
Qa6 Qc1+ 40. Kh2 Qxa1 41. Qxb6 Qxa2 42. Nc7 Qxb3 43. Nxd5 Qxd5 44. Qxb4 a2 45. Qc3 Qa8 46. Qc2+ Kh8 47. Qg6 0-1

[Event "Late-Titled-Tuesday-Blitz-March-26-2024"]
[Site "Chess.com"]
[Date "2024.03.26"]
[Round "6"]
[White "ahkashefi2800"]
[Black "Agibileg"]
[Result "1-0"]
[WhiteElo "2605"]
[BlackElo "2754"]
[TimeControl "180+1"]
[EndTime "15:07:54 PDT"]
[Termination "ahkashefi2800 won by checkmate"]

1. d4 Nf6 2. Nf3 g6 3. g3 Bg7 4. Bg2 O-O 5. O-O d6 6. b3 Nc6 7. Bb2 e5 8. dxe5 Ng4 9. c4 Ngxe5 10. Qc1 Nxf3+ 11. Bxf3 Bh3 12. Rd1 Rb8 13. Bxg7 Kxg7 14. Qc3+ Ne5 15. Nd2 Qf6 16. Bg2 Bxg2 17. Kxg2 Nd7 18.
Qxf6+ Nxf6 19. e3 a5 20. a3 Rfe8 21. b4 axb4 22. axb4 Ra8 23. Kf3 Nd7 24. Ke2 h5 25. h4 Ne5 26. Rdc1 c6 27. b5 Kf6 28. Rd1 Ke7 29.
bxc6 bxc6 30. Rdb1 Reb8 31. Rxa8 Rxa8 32. f4 Nd7 33.
Rb7 Ra2 34. Rc7 Ke6 35. Rxc6 Nc5 36. Kd1 f5 37. Rc7 Ra3 38. Ke2 Ra2 39. Kd1 Ra1+ 40. Kc2 Rg1 41. Nf3 Rg2+ 42. Kd1 Ne4 43. Nd4+ Kf6 44.
Nc6 Rg1+ 45. Kc2 Rg2+ 46. Kc1 d5 47. Nd8 Nd6 48. c5 Rg1+ 49. Kc2 Rg2+ 50. Kd3 Ne4 51. Rf7# 1-0

[Event "Late-Titled-Tuesday-Blitz-March-26-2024"]
[Site "Chess.com"]
[Date "2024.03.26"]
[Round "6"]
[White "N_I_Chess"]
[Black "Eloist"]
[Result "0-1"]
[WhiteElo "2327"]
[BlackElo "2488"]
[TimeControl "180+1"]
[EndTime "15:07:56 PDT"]
[Termination "Eloist won on time"]

1. d4 e6 2. c4 Nf6 3. Nc3 Bb4 4. Bd2 b6 5. Nf3 Bb7 6. e3 O-O 7. Bd3 c5 8. O-O cxd4 9. Nxd4 Na6 10. Rc1 Be7 11.
Qe2 Nc5 12. Bb1 d5 13. cxd5 Nxd5 14. Rfd1 Rc8 15. e4 Nxc3 16. Bxc3 Qe8 17. e5 Na4 18. Rd3 Bg5 19. Rh3 g6 20. Rc2 Nxc3 21.
Rcxc3 Rxc3 22. bxc3 Qe7 23. Qg4 Rc8 24. f4 Qa3 25. Qxg5 Qc1+ 26. Kf2 Qxb1 27. Qh6 Qb2+ 28. Kg3 Qxg2+ 29. Kh4 Qf2+ 30. Kg5 f6+ 31. Kxf6 Rf8+ 32. Kxe6 Rf7 33. Qh4 Bc8+ 34. Kd6 Qg2 35. Rg3 Qb7 36. Qd8+ Rf8 37. Qc7 Qe4 38. Nc6 Qxf4 39. Ne7+ Kh8 0-1

[Event "Late-Titled-Tuesday-Blitz-March-26-2024"]
[Site "Chess.com"]
[Date "2024.03.26"]
[Round "6"]
[White "stasOR4ik"]
[Black "EgorYakovlev"]
[Result "0-1"]
[WhiteElo "2431"]
[BlackElo "2677"]
[TimeControl "180+1"]
[EndTime "15:07:58 PDT"]
[Termination "EgorYakovlev won by resignation"]

1. c4 g6 2. Nc3 Bg7 3. g3 e5 4.
Bg2 c5 5. e4 Nc6 6. d3 d6 7. Nge2 Nge7 8. h4 h5 9. Bg5 f6 10. Be3 Be6 11. O-O Qd7 12. Kh2 g5 13.
f4 exf4 14. gxf4 gxh4 15. f5 Bf7 16. Nf4 Ne5 17. Bh3 Bh6 18. Nxh5 Bxh5 19. Qxh5+ Nf7 20.
Bxh6 Rxh6 21. Qe2 Ne5 22. Rg1 O-O-O 23. Rg7 Re8 24. Nd5 Qd8 25. Qe3 Ng8 26. Nc7 Re7 27. Ne6 Qe8 28. Rag1 Rh8 29. Rxe7 Nxe7 30. b4 b6 31. bxc5 dxc5 32. Rg7 Rg8 33. d4 cxd4 34. Qa3 Rxg7 35. Nxg7 Qd7 36. Ne6 d3 37. Qa6+ Kb8 38. c5 d2 39. cxb6 d1=Q 40. bxa7+ Qxa7 41.
Qb5+ Qb7 42. Qe8+ Ka7 43. Qa4+ Qa6 44. Qxd1 Qxa2+ 45. Kh1 Qa3 46. Qd4+ Kb7 47. Nc5+ Kc6 48. Ne6 Qxh3+ 49. Kg1 Nf3+ 50. Kf2 Nxd4 51. Ke1 Nxe6 52.
fxe6 Ng6 0-1

[Event "Late-Titled-Tuesday-Blitz-March-26-2024"]
[Site "Chess.com"]
[Date "2024.03.26"]
[Round "6"]
[White "dropstoneDP"]
[Black "MyDream003"]
[Result "1-0"]
[WhiteElo "3003"]
[BlackElo "2790"]
[TimeControl "180+1"]
[EndTime "15:08:00 PDT"]
[Termination "dropstoneDP won by resignation"]

1. e4 e5 2. Nf3 Nc6 3. Bc4 Bc5 4. d3 Nf6 5. O-O h6 6. c3 d6 7. Re1 O-O 8. a4 a5 9. h3 Be6 10. Nbd2 Re8 11. Bb5 Bd7 12. Nf1 Bb6 13. Be3 Bxe3 14. Rxe3 Ne7 15. Bxd7 Qxd7 16. Ng3 Ng6 17. d4 Rad8 18.
Qb3 b6 19. Rd1 Qc6 20. Qb5 Qxb5 21. axb5 Kf8 22. c4 Nd7 23. b3 f6 24. Nf5 Ne7 25. Ng3 Kf7 26. Ree1 Ra8 27. Ra1 Ng6 28. Nf5 Ne7 29.
Ne3 exd4 30. Nxd4 Nc5 31. f3 Ne6 32. Ne2 Nc5 33. Ra3 Nd3 34. Rd1 Nc5 35. Nc3 Rac8 36. Kf2 g6 37. Ncd5 Nxd5 38. Nxd5 Ne6 39. b4 axb4 40.
Nxb4 Ra8 41. Rda1 Rxa3 42. Rxa3 Re7 43. Nd5 Rd7 44. Ra8 Kg7 45. Ke3 Kf7 46. f4 f5 47.
exf5 gxf5 48. g4 fxg4 49. hxg4 Nc5 50. f5 Kg7 51. Rc8 Kf7 52. Kd4 Nb3+ 53. Kd3 Nc5+ 54.
Ke3 Kg7 55. Rxc7 Rxc7 56. Nxc7 Kf6 57. Nd5+ Kg5 58. Nxb6 Kxg4 59. f6 Kf5 60. f7 Ne6 61.
Nd7 h5 62. b6 h4 63. b7 h3 64. b8=Q 1-0

[Event "Late-Titled-Tuesday-Blitz-March-26-2024"]
[Site "Chess.com"]
[Date "2024.03.26"]
[Round "6"]
[White "thesupera12"]
[Black "SahibSinghKnight"]
[Result "1/2-1/2"]
[WhiteElo "2432"]
[BlackElo "2576"]
[TimeControl "180+1"]
[EndTime "15:08:01 PDT"]
[Termination "Game drawn - insufficient material"]

1. d4 d5 2. Bg5 c5 3. dxc5 f6 4. Bh4 e5 5. e4 Be6 6. exd5 Qxd5 7. Qxd5 Bxd5 8. Nc3 Bc6 9. b4 a6 10. f3 Nd7 11.
Bf2 b6 12. b5 axb5 13. Bxb5 Rc8 14. Nge2 Bxc5 15. O-O Bxf2+ 16. Kxf2 Bxb5 17. Nxb5 Rxc2 18. Rfc1 Rc5 19. Nd6+ Ke7 20. Ne4 Rxc1 21. Rxc1 f5 22. N4c3 Ngf6 23. Rb1 Ra8 24. Rb5 Ra5 25. Rb4 Nd5 26.
Nxd5+ Rxd5 27. Nc3 Rd2+ 28. Kg3 Kd6 29. a4 Kc6 30. Kh3 Rd4 31. Rb2 Nc5 32. Ra2 Rc4 33.
Nd1 Rxa4 34. Re2 Kd6 35. Nc3 Rb4 36. Na2 Rb3 37. Nc1 Rc3 38. Na2 Ra3 39. Nb4 e4 40. Kg3 exf3 41. gxf3 Rb3 42. Na2 Ne6 43. Nc1 Rc3 44.
Na2 Ra3 45. Nb4 Nc5 46. Rd2+ Ke6 47. Nc6 Rb3 48. Nd4+ Ke5 49. Nxb3 Nxb3 50. Rb2 Nc5 51. Rxb6 Ne6 52. Rb7 Kf6 53. Ra7 h6 54. h4 g5 55.
hxg5+ hxg5 56. Ra6 Ke5 57. Ra5+ Kf6 58. Kf2 Nf4 59.
Ke3 Ne6 60. Rb5 g4 61. fxg4 fxg4 62. Kf2 Nd4 63. Rd5 Nf5 64. Kg2 Ne3+ 65. Kg3 Nxd5 66.
Kxg4 1/2-1/2

[Event "Late-Titled-Tuesday-Blitz-March-26-2024"]
[Site "Chess.com"]
[Date "2024.03.26"]
[Round "6"]
[White "akanga001"]
[Black "titomagno_64"]
[Result "0-1"]
[WhiteElo "2084"]
[BlackElo "2306"]
[TimeControl "180+1"]
[EndTime "15:08:01 PDT"]
[Termination "titomagno_64 won by resignation"]

1. d4 d5 2. Nf3 Nc6 3. Bf4 Nf6 4.
e3 Nh5 5. Be5 Nxe5 6. dxe5 g6 7.
c4 e6 8. Nbd2 Be7 9. Qc2 c6 10.
Bd3 O-O 11. O-O b6 12. Rfd1 Bb7 13. Rac1 Ng7 14. cxd5 exd5 15. Bf1 Qc8 16. g3 Ba6 17. Bg2 Bb7 18. Nd4 c5 19. Nb5 a6 20.
Nd6 Bxd6 21. exd6 Nf5 22. e4 Nd4 23. Qd3 dxe4 24. Nxe4 Bxe4 25. Bxe4 Ra7 26. b4 Rd7 27. bxc5 bxc5 28. Qe3 Rxd6 29. Bg2 Re6 30. Qd3 Ne2+ 31. Kh1 Nxc1 32. Rxc1 c4 33. Rxc4 Re1+ 34. Bf1 Qb7+ 35.
Kg1 Rfe8 36. Rc2 Qb1 37. Rc3 Qxd3 38. Rxd3 Ra1 39. Kg2 Rxa2 40. Rf3 Re7 41. Bc4 Ra4 42. Bd5 a5 43. Bc6 Ra1 44. Bd5 Kg7 45. Bc4 a4 46. Bd5 a3 47. Rd3 Rd7 48. f4 a2 49. Kf3 Rxd5 50.
Ke4 Rxd3 51. Kxd3 Rd1+ 0-1

[Event "Late-Titled-Tuesday-Blitz-March-26-2024"]
[Site "Chess.com"]
[Date "2024.03.26"]
[Round "6"]
[White "kacperkarwowski"]
[Black "CaspiIsrael"]
[Result "1-0"]
[WhiteElo "2526"]
[BlackElo "2660"]
[TimeControl "180+1"]
[EndTime "15:08:02 PDT"]
[Termination "kacperkarwowski won by resignation"]

1. d4 Nf6 2. c4 e6 3. Nc3 d5 4.
Nf3 Nbd7 5. e3 a6 6. b3 b6 7. Bb2 Bb7 8. Bd3 Bd6 9. O-O O-O 10. Qc2 Qe7 11. e4 dxe4 12. Nxe4 Nxe4 13. Bxe4 Bxe4 14. Qxe4 c5 15. Rad1 Rad8 16. Rd2 cxd4 17. Nxd4 Nf6 18. Qh4 Nd5 19. Qxe7 Nxe7 20. Rfd1 Bf4 21. Rd3 Rd7 22. Nc6 Nxc6 23. Rxd7 f6 24. Rb7 Rb8 25. Rxb8+ Bxb8 26. g3 Kf8 27. Ba3+ Ke8 28. Bd6 Ba7 29. Bc7 b5 30. cxb5 axb5 31. Rd6 Nb4 32. Rxe6+ Kd7 33. Re4 Nxa2 34. Ba5 Nc1 35. Bb4 Bb6 36. Re7+ Kc6 37. Rxg7 Nxb3 38. Rxh7 Bc5 39. Bc3 Bd4 40. Bxd4 Nxd4 41.
Rh6 b4 42. Rxf6+ Kc5 43. Rf8 b3 44. Rc8+ Kb4 45. Rb8+ Nb5 46. Re8 Nd4 47. Kg2 b2 48.
Re1 Kc3 49. h4 Kd2 50. Rh1 Nf5 51. h5 Nh6 52. Kf3 Kc2 53. g4 Nf7 54. Kf4 Nd8 55. h6 Ne6+ 56. Kg3 Ng5 57. f3 Kc3 58. Rb1 Kc2 59. Rxb2+ Kxb2 60. f4 Nh7 61. g5 Nf8 62. f5 Kc3 63. g6 Nxg6 64. fxg6 1-0

[Event "Late-Titled-Tuesday-Blitz-March-26-2024"]
[Site "Chess.com"]
[Date "2024.03.26"]
[Round "6"]
[White "elcala"]
[Black "dealshark"]
[Result "0-1"]
[WhiteElo "1764"]
[BlackElo "2277"]
[TimeControl "180+1"]
[EndTime "15:08:03 PDT"]
[Termination "dealshark won by checkmate"]

1. d4 d5 2. Nf3 e6 3. Bf4 Nf6 4. e3 c5 5. c3 Bd6 6. Ne5 O-O 7. Nd2 cxd4 8. exd4 Qb6 9. Qb3 Qxb3 10. axb3 Bxe5 11. Bxe5 Nc6 12. Bxf6 gxf6 13. Bd3 a5 14. O-O b6 15. Bb5 Bb7 16. f4 f5 17. Rf3 Ne7 18. Nf1 Rac8 19. Ng3 Ng6 20. Nh5 Kh8 21. Nf6 Bc6 22. Rh3 Kg7 23. Rxh7+ Kxf6 24. Bf1 Rh8 25. Rxh8 Rxh8 26. g3 Ne7 27. b4 Ra8 28. b5 Bd7 29. b3 Nc8 30. c4 Nd6 31. Ra4 Rc8 32. Kf2 Ne4+ 33. Ke3 Ke7 34. Bg2 Kd6 35. Bxe4 fxe4 36. h4 f5 37. Kf2 Be8 38. Ke3 Bh5 39. Kf2 Bd1 40. Ra3 dxc4 41. bxc4 Rxc4 42. h5 Bxh5 43. Ra1 Rxd4 44.
Rh1 Bg4 45. Rh8 Rb4 46. Rd8+ Kc5 47. Re8 Kxb5 48. Rxe6 a4 49. Re5+ Kc4 50. Ke3 a3 51. Kd2 a2 52. Re8 a1=Q 53. Rc8+ Kb3 54. Rc3+ Qxc3# 0-1

[Event "Late-Titled-Tuesday-Blitz-March-26-2024"]
[Site "Chess.com"]
[Date "2024.03.26"]
[Round "6"]
[White "protectiago"]
[Black "Tol_Tol"]
[Result "0-1"]
[WhiteElo "2085"]
[BlackElo "2302"]
[TimeControl "180+1"]
[EndTime "15:08:04 PDT"]
[Termination "Tol_Tol won on time"]

1. d4 Nf6 2. c4 g6 3. Nc3 Bg7 4. e4 O-O 5. Be2 d6 6. Be3 c5 7.
dxc5 Qa5 8. Qd2 dxc5 9. Nf3 Nc6 10. O-O Rd8 11. Nd5 Qxd2 12. Nxd2 b6 13. Rad1 e6 14. Nc3 Nd4 15. Bxd4 cxd4 16. Nb5 Bb7 17. Bf3 e5 18. g3 Rd7 19. Bg2 a6 20. Na3 Bf8 21. Nc2 Rc8 22. b3 Rdc7 23. Ne1 b5 24. Nd3 Nd7 25. Rfe1 f6 26. f4 Nc5 27. Nxc5 Bxc5 28. Kh1 Bb4 29. Re2 Bxd2 30. Rexd2 bxc4 31. bxc4 Rxc4 32. fxe5 fxe5 33. Rf2 Rc1 34. Rdf1 Rxf1+ 35. Rxf1 Rc2 36. Kg1 Kg7 37. Bh3 Bxe4 38. Re1 d3 39.
Rxe4 d2 40. Bg4 Kf6 41. Kf1 Rc1+ 42. Kf2 d1=Q 43. Bxd1 Rxd1 44. Ra4 Rd2+ 45. Kf3 Rxh2 46.
Rxa6+ Kf5 47. g4+ Kg5 48. Ra5 Rh3+ 49. Kg2 Re3 0-1

[Event "Late-Titled-Tuesday-Blitz-March-26-2024"]
[Site "Chess.com"]
[Date "2024.03.26"]
[Round "6"]
[White "AntonovaNadezhda"]
[Black "IsuruAlahakoon"]
[Result "0-1"]
[WhiteElo "2164"]
[BlackElo "2370"]
[TimeControl "180+1"]
[EndTime "15:08:05 PDT"]
[Termination "IsuruAlahakoon won by checkmate"]

1. Nf3 d5 2. b3 Nc6 3. Bb2 f6 4. d4 Bg4 5. Nbd2 e6 6. e3 Bd6 7. Bd3 Nge7 8. O-O O-O 9. a3 e5 10. Be2 Bxf3 11. Bxf3 e4 12. Be2 f5 13. c4 Ng6 14.
cxd5 Nce7 15. Bc4 a6 16. a4 Kh8 17. g3 Ng8 18. Ba3 Qg5 19. Bxd6 cxd6 20. Be2 Nf6 21. Kh1 Nxd5 22. Rc1 Rac8 23. Nc4 Qe7 24. a5 Nf6 25. Nb6 Rxc1 26. Qxc1 Qe6 27. Qc4 d5 28. Qc7 f4 29.
exf4 Qh3 30. Rc1 Ng4 31. Bxg4 Qxg4 32. Qd7 Qf3+ 33. Kg1 e3 34. fxe3 Qxe3+ 35. Kg2 Qxc1 36. Qxd5 Qd2+ 37. Kh3 h6 38. Qxb7 Kh7 39. Qxa6 Qe3 40. Kg2 Re8 41. d5 Qd2+ 42. Kh3 Nxf4+ 43. Kg4 Qe2+ 44. Kxf4 Re4+ 45. Kf5 Qg4# 0-1

[Event "Late-Titled-Tuesday-Blitz-March-26-2024"]
[Site "Chess.com"]
[Date "2024.03.26"]
[Round "6"]
[White "ProfessorChess101"]
[Black "Matrix3x3a"]
[Result "1/2-1/2"]
[WhiteElo "2769"]
[BlackElo "2610"]
[TimeControl "180+1"]
[EndTime "15:08:06 PDT"]
[Termination "Game drawn by repetition"]

1. d4 Nf6 2. c4 e6 3. Nc3 Bb4 4. e3 O-O 5. Nf3 c5 6. Bd2 b6 7. a3 Bxc3 8. Bxc3 Ne4 9. d5 Nxc3 10. bxc3 d6 11. Bd3 e5 12. Nd2 f5 13. O-O Nd7 14. f4 exf4 15. exf4 Nf6 16. Qc2 g6 17. Rae1 Bd7 18.
Nf3 Re8 19. Ng5 Qc8 20. Qd1 h6 21. Rxe8+ Qxe8 22. Re1 Qf8 23. Ne6 Bxe6 24. dxe6 Qe7 25. Qa4 Rd8 26. Qc6 Kg7 27. h3 h5 28. a4 d5 29. a5 d4 30. axb6 axb6 31. cxd4 Rxd4 32. Re3 Rxf4 33. Qxb6 h4 34. Be2 Re4 35. Rxe4 Nxe4 36. Bf3 Nf6 37. Bd5 Nh5 38. Qb2+ Kh7 39. Qe5 Nf6 40.
Bf3 Ne8 41. Kh1 Ng7 42. Bd5 Nh5 43. Kg1 Ng7 44. Kf1 Ne8 45. Ke2 Nf6 46. Kd1 Ng8 47. Kc2 Qa7 48. Qb2 Ne7 49. Kd2 Qc7 50. Qf6 Qd6 51. Qf7+ Kh6 52. Qf8+ Kg5 53. Kc1 f4 54.
Kc2 Kh5 55. Qh8+ Kg5 56. Qf8 Kh5 57. Bf3+ Kg5 58. Bd5 1/2-1/2

[Event "Late-Titled-Tuesday-Blitz-March-26-2024"]
[Site "Chess.com"]
[Date "2024.03.26"]
[Round "6"]
[White "kai_nov"]
[Black "Mikhal867"]
[Result "0-1"]
[WhiteElo "2335"]
[BlackElo "2471"]
[TimeControl "180+1"]
[EndTime "15:08:06 PDT"]
[Termination "Mikhal867 won on time"]

1. d4 g6 2. e4 Bg7 3. c4 d6 4.
Nc3 Nf6 5. f3 O-O 6. Bg5 c5 7. d5 Qa5 8. a4 e6 9. Qd2 exd5 10. cxd5 Re8 11. Ra3 Na6 12. Bb5 Nd7 13.
Nge2 Nb4 14. O-O a6 15. f4 Qc7 16. Bc4 Nb6 17. b3 Nxc4 18. bxc4 Bd7 19. h3 b5 20.
axb5 axb5 21. Rxa8 Rxa8 22. cxb5 Qb6 23. e5 Bxb5 24.
e6 Bd3 25. exf7+ Kxf7 26. f5 gxf5 27. Ng3 Bxf1 28. Nxf1 Bd4+ 29. Kh2 Be5+ 30. Bf4 Ra3 31. Ne2 Nd3 32. Bxe5 dxe5 33. Qg5 Qf6 34. Qh5+ Qg6 35.
Qf3 e4 36. Qe3 Qd6+ 37. g3 Ra2 38. Kg1 Qxd5 39. Qh6 Rxe2 40. Qxh7+ Ke6 41. Qg8+ Ke5 42. Qg7+ Kd6 43. Qf8+ Kc6 44. Qa8+ Kd6 45. Qd8+ Ke6 46.
Qg8+ Kd6 47. Qd8+ Ke5 48. Qe7+ Qe6 0-1

[Event "Late-Titled-Tuesday-Blitz-March-26-2024"]
[Site "Chess.com"]
[Date "2024.03.26"]
[Round "6"]
[White "GHANDEEVAM2003"]
[Black "rezamahdavi2008"]
[Result "1/2-1/2"]
[WhiteElo "3048"]
[BlackElo "2877"]
[TimeControl "180+1"]
[EndTime "15:08:08 PDT"]
[Termination "Game drawn by repetition"]

1. e3 Nf6 2. c4 e6 3. b3 d5 4. Bb2 Be7 5. Nf3 dxc4 6. Bxc4 c5 7.
O-O Nc6 8. d4 O-O 9. dxc5 Bxc5 10. Nbd2 Be7 11. Rc1 a6 12. Qc2 Nb4 13. Qb1 b5 14.
Be2 Bb7 15. Rfd1 Qb6 16. Ng5 g6 17. Bd4 Qa5 18. Qa1 Nfd5 19. Bh8 f6 20. Nxe6 Kxh8 21. Nxf8 Rxf8 22. a3 Nc6 23. b4 Qb6 24. Ne4 Ne5 25.
Nc5 Ba8 26. Qd4 Rd8 27. h3 Qc6 28. Bf1 Nb6 29. Qxd8+ Bxd8 30. Rxd8+ Kg7 31. Rcd1 Nbc4 32. Rb8 Nf3+ 33. gxf3 Qxf3 34. Rd7+ Kh6 35. e4 Bxe4 36. Nxe4 Qxe4 37. Rh8 Ne5 38. Rdxh7+ Kg5 39. Bg2 Qe1+ 40.
Bf1 Nf3+ 41. Kg2 Qe4 42. Kg3 Qf4+ 43. Kg2 Ne1+ 44. Kg1 Nf3+ 45. Kg2 Qe4 46. Kg3 Qf4+ 47. Kg2 1/2-1/2

[Event "Late-Titled-Tuesday-Blitz-March-26-2024"]
[Site "Chess.com"]
[Date "2024.03.26"]
[Round "6"]
[White "ViIIagra"]
[Black "mitrabhaa"]
[Result "1-0"]
[WhiteElo "2893"]
[BlackElo "3047"]
[TimeControl "180+1"]
[EndTime "15:08:08 PDT"]
[Termination "ViIIagra won by resignation"]

1. g3 d5 2. Bg2 c6 3. d3 e5 4. Nd2 Bd6 5. Ngf3 Nf6 6. O-O O-O 7.
e4 Bg4 8. h3 Bh5 9. Qe1 Nbd7 10.
Nh4 Re8 11. Nf5 Bc7 12. Nb3 a5 13. a4 Nf8 14. Qc3 Ne6 15. Nc5 Nxc5 16. Qxc5 Bb6 17. Qc3 h6 18. Qb3 Qc7 19. Bd2 Rad8 20. Bc3 Ba7 21.
Rae1 dxe4 22. dxe4 Nd7 23. Nh4 Nc5 24. Qc4 Ne6 25. Bf3 Bxf3 26. Nxf3 Nd4 27. Bxd4 exd4 28. Kg2 Re7 29. Re2 Rde8 30. Rfe1 Qb6 31. b3 Qd8 32.
Qd3 Bc5 33. Nh4 Bb4 34. Rd1 Rd7 35. e5 Rd5 36. f4 Bc3 37. Nf3 Qe7 38. Qe4 Red8 39.
Rd3 b5 40. g4 bxa4 41. bxa4 Qb4 42. g5 Qe7 43. Kh2 h5 44. g6 f6 45. Qf5 fxe5 46. Qxh5 Qf6 47. fxe5 Qf4+ 48. Kg2 Kf8 49. Ng5 Ke7 50.
Rf3 Rxe5 51. Rxf4 Rxe2+ 52. Qxe2+ 1-0

[Event "Late-Titled-Tuesday-Blitz-March-26-2024"]
[Site "Chess.com"]
[Date "2024.03.26"]
[Round "6"]
[White "Hrant_ChessMood"]
[Black "ThinkingSquares"]
[Result "1-0"]
[WhiteElo "2950"]
[BlackElo "2797"]
[TimeControl "180+1"]
[EndTime "15:08:11 PDT"]
[Termination "Hrant_ChessMood won by resignation"]

1. Nf3 Nf6 2. c4 e6 3. Nc3 d5 4. e3 c6 5. b3 Bd6 6. Bb2 O-O 7. Be2 Re8 8. O-O e5 9. cxd5 cxd5 10. Nb5 Nc6 11.
Nxd6 Qxd6 12. d4 e4 13. Ne5 Ne7 14. a4 Ng6 15. Qc2 Be6 16. Rfc1 Rec8 17. Qd1 Nf8 18. Ba3 Qd8 19. b4 N8d7 20. b5 Nb6 21. Bc5 Nfd7 22. a5 Nxe5 23. dxe5 Nc4 24. Bxc4 Rxc5 25. Bf1 Rac8 26. Rxc5 Rxc5 27. h3 g6 28.
Qd4 Qc7 29. Rb1 b6 30. Ra1 bxa5 31. Rxa5 Qxa5 32. Qxc5 a6 33. Qa7 d4 34. exd4 Qe1 35.
Qxa6 e3 36. fxe3 Qxe3+ 37. Kh1 Qxd4 38. b6 Bd5 39. b7 Bxb7 40. Qxb7 Qxe5 41. Qf3 Kg7 42. g3 Qb2 43. Kg1 f5 44. Qf2 Qf6 45.
Qe3 h6 46. Bd3 Qa1+ 47. Kg2 Qb2+ 48. Be2 Qc2 49. Qe7+ Kg8 50. Qe5 Qd2 51. h4 Kf7 52. Kh3 Kg8 53. Bc4+ 1-0